 Dungeon Crawl Stone Soup version 0.23.2-33-g5129a83184 (console) character file.

Game seed: 13946498406434634095

576 FlyingSalmon the Spear-Bearer (level 7, 0/54 HPs)
             Began as a Merfolk Gladiator on July 27, 2019.
             Was a Follower of Elyvilon.
             Killed by divine providence
             ... invoked by an orc priest
              (12 damage)
             ... on level 4 of the Dungeon.
             The game lasted 00:14:36 (4384 turns).

FlyingSalmon the Spear-Bearer (Merfolk Gladiator)   Turns: 4384, Time: 00:14:36

Health: 0/54       AC:  9    Str: 16    XL:     7   Next: 35%
Magic:  7/7        EV:  9    Int:  8    God:    Elyvilon [*.....]
Gold:   182        SH:  0    Dex: 15    Spells: 6/6 levels left

rFire    . . .     SeeInvis .   a - +0 trident
rCold    . . .     Gourm    .   (no shield)
rNeg     . . .     Faith    .   s - +0 chain mail
rPois    .         Spirit   .   c - +0 helmet
rElec    .         Reflect  .   (no cloak)
rCorr    .         Harm     .   (no gloves)
MR       .....                  (no boots)
Stlth    ..........             (no amulet)
HPRegen  0.18/turn              (no ring)
MPRegen  0.10/turn              (no ring)

@: no status effects
A: change form in water, swift swim, stealthy swim
a: Lesser Healing, Divine Protection, Renounce Religion


You were on level 4 of the Dungeon.
You worshipped Elyvilon.
Elyvilon was aware of your devotion.
You were not hungry.

You visited 1 branch of the dungeon, and saw 4 of its levels.
You also visited: Sewer.

You collected 182 gold pieces.

Inventory:

Hand Weapons
 a - a +0 trident (weapon)
 l - a +0 spear
Missiles
 k - 93 stones
 q - a throwing net
 r - a tomahawk (quivered)
Armour
 b - a +0 leather armour
 c - a +0 helmet (worn)
 s - a +0 chain mail (worn)
Scrolls
 e - a scroll of blinking {unknown}
 g - a scroll of fog {unknown}
 h - 4 scrolls of enchant armour {unknown}
 j - a scroll of noise {unknown}
 o - a scroll of random uselessness {unknown}
 t - 3 scrolls of teleportation {unknown}
Potions
 d - 2 potions of flight {unknown}
 i - a potion of resistance
 m - 2 potions of heal wounds {unknown}
 n - 3 potions of curing {unknown}
 p - a potion of cancellation {unknown}
Comestibles
 f - 6 rations
 u - 8 chunks of flesh


   Skills:
 + Level 4.1 Fighting
 + Level 9.3 Polearms
 - Level 2.0 Throwing
 + Level 1.8 Armour
 + Level 5.2 Dodging


You had 6 spell levels left.
You didn't know any spells.
Your spell library was empty.

Dungeon Overview and Level Annotations

Branches:
Dungeon (4/15)
 Temple: D:4-7

Altars:
Kikubaaqudgha
Makhleb
Okawaru
Vehumet
Yredelemnul

Annotations:
D:3 Robin
D:4 2 transporters, Jabberih's ghost, amateur MfTm


Message History

You hit the orc priest but do no damage.
The orc priest is severely wounded.
The orc wizard barely misses you. The orc priest barely misses you.
Your chain mail prevents you from hitting the orc priest.
The orc priest is severely wounded.
The orc priest hits you but does no damage.
The orc wizard mumbles some strange words.
The orc wizard seems to speed up.
You hit the orc priest.
The orc priest is almost dead.
The orc priest begins to cast a cantrip, but forgets the words!
The orc wizard hits you but does no damage.
The orc priest calls upon Beogh to heal the orc wizard.
The orc wizard is healed somewhat.
You puncture the orc priest!
You kill the orc priest!
The orc wizard hits you but does no damage.
The orc priest invokes the aid of Beogh against you.
Beogh smites you!
You die...

##+##.......... ######
....#.......... #....#
....#.......... #....#
....#.......... #....#
#####.......... #..<.#######
............... #.#...#....#
###............#####..........#
ZW#..##'########...##.........#
.W#..#..........[o.#..........#
.Z#..+..........@o)#.....oo...#
..#..##+##..###.##.##.[###....#
..#.##..##..###.##.##..###....#
..#.#.............o.)...#.o...#
..#.#..............o)...+.....#
#...................#.....#
..#.+...................#.....#
..#.#...................#.....#
.©#.#..########+######.##.#####
###.#.. ........#.##.#


You could see an orc priest and an orc wizard.

Vanquished Creatures
  An ogre (D:3)
  A big kobold (Sewer)
  A howler monkey (D:4)
  4 orc priests (D:4)
  A worker ant (D:4)
  5 gnolls
  9 adders
  A river rat (D:3)
  An ooze (D:3)
  2 worms
  3 dart slugs
  4 leopard geckos
  5 orcs
  3 giant cockroaches (D:3)
  4 goblins
  7 hobgoblins
  5 jackals
  A quokka (D:2)
  4 ball pythons
  9 bats
  6 frilled lizards
  11 kobolds
  8 rats
96 creatures vanquished.

Notes
Turn   | Place    | Note
-------+----------+-------------------------------------------
     0 | D:1      | FlyingSalmon the Merfolk Gladiator began the quest for the
                  | Orb.
     0 | D:1      | Reached XP level 1. HP: 16/16 MP: 1/1
   212 | D:1      | Reached XP level 2. HP: 23/23 MP: 2/2
   253 | D:1      | Reached skill level 5 in Polearms
   307 | D:1      | Reached XP level 3. HP: 27/28 MP: 3/3
   738 | D:2      | Found a radiant altar of Vehumet.
   740 | D:2      | Found an ancient bone altar of Kikubaaqudgha.
  1231 | D:2      | Reached XP level 4. HP: 33/34 MP: 4/4
  1711 | D:2      | Reached skill level 6 in Polearms
  1822 | D:2      | Found an iron altar of Okawaru.
  1825 | D:2      | Found a burning altar of Makhleb.
  2140 | D:3      | Found a basalt altar of Yredelemnul.
  2200 | D:3      | Reached XP level 5. HP: 26/40 MP: 5/5
  2208 | D:3      | Reached skill level 1 in Armour
  2287 | D:3      | Found a glowing drain.
  2297 | Sewer    | Entered a sewer
  2384 | Sewer    | Noticed a big kobold
  2484 | Sewer    | Killed a big kobold
  2484 | Sewer    | Reached skill level 7 in Polearms
  2484 | Sewer    | Reached skill level 5 in Dodging
  2507 | Sewer    | Reached XP level 6. HP: 47/47 MP: 6/6
  2576 | Sewer    | Found a white marble altar of Elyvilon.
  2637 | Sewer    | Became a worshipper of Elyvilon the Healer
  2759 | D:3      | Reached skill level 8 in Polearms
  2989 | D:3      | Noticed Robin
  4033 | D:4      | Reached XP level 7. HP: 53/53 MP: 7/7
  4058 | D:4      | Found a transporter.
  4143 | D:4      | Found a transporter.
  4143 | D:4      | Noticed Jabberih's ghost (amateur MfTm)
  4146 | D:4      | Noticed a hungry ghost
  4149 | D:4      | Reached * piety under Elyvilon
  4231 | D:4      | Reached skill level 9 in Polearms
  4384 | D:4      | Killed from afar by an orc priest

Skill      XL: |  1  2  3  4  5  6  7 |
---------------+----------------------+-----
Polearms       | 5 6 7 8 9 |  9.3
Armour         | 1 |  1.8
Fighting       | 3 4 |  4.1
Dodging        | 5 |  5.2
Throwing       | |  2.0

Action                   |  1- 3 |  4- 6 |  7- 9 || total
-------------------------+-------+-------+-------++-------
Melee: Trident           |    80 |   203 |    43 ||   326
Throw: Throwing net      |     2 |     2 |       ||     4
       Stone             |     3 |    54 |       ||    57
       Tomahawk          |       |     2 |       ||     2
  Use: Scroll            |     1 |     1 |       ||     2
 Stab: Sleeping          |       |     2 |       ||     2
       Held in net/web   |       |     2 |       ||     2
  Eat: Chunk             |     1 |     9 |     1 ||    11
Armor: Leather armour    |    13 |    16 |       ||    29
       Chain mail        |       |     5 |    15 ||    20
Dodge: Dodged            |    42 |    94 |    14 ||   150
